cohdb
Replays
Latest Replays
All Replays
Popular Replays
Top Player Replays
Match Explorer
How It Works
Community
CoH3 Stats
Reddit
Sign in to upload your games and track your stats! →
Sign in with Steam
Match 44769214
Unlisted
Match 44769214
Overview
Messages
Build Orders
End
Pioneer Squad
Construct Infanterie Kompanie
Grenadier Squad
MG 42 Machine Gun Team
Selects Terror Battlegroup
Selects Machine Gun Camouflage
Grenadier Squad
Construct Luftwaffe Kompanie
221 Scout Car
MG 42 Bunker
Jäger Squad
Support Elements
Wirbelwind Flakpanzer
Medical Bunker
MG 42 Machine Gun Team
Construct Panzer Kompanie
Stoßtruppen Squad
Ok.okokok
【POW】游骑
THE one-冰封夕阳
JT
GOOD
陈浩南
0
0
Comments
sign in to comment!
No comments posted yet!